 Dungeon Crawl Stone Soup version 0.30-a0-6-g7c9e10e132 (webtiles) character file.

Game seed: 5157352732239486443

60 Setbun the Magician (level 4, -1/35 HPs)
             Began as a Djinni Cinder Acolyte on Aug 22, 2022.
             Was a High Priest of Ignis.
             Slain by an orc priest
             ... wielding a +0 flail
              (5 damage)
             ... on level 3 of the Dungeon.
             The game lasted 00:01:51 (2320 turns).

Setbun the Magician (Djinni Cinder Acolyte)         Turns: 2320, Time: 00:01:51

Health: -1/35      AC:  3    Str: 13    XL:     4   Next: 24%
Gold:   131        EV: 11    Int: 18    God:    Ignis [*****.] SH:  0 Dex:  8

rFire   + + +      SeeInvis .    a - -1 falchion (flame)
rCold   x . .      Faith    .    (no shield)
rNeg    . . .      Spirit   .    b - +0 robe
rPois   ∞          Reflect  .    g - +0 helmet
rElec   .          Harm     .    c - scarf {+Inv}
rCorr   .          Rampage  .    (no gloves)
Will    .....                    (boots unavailable)
Stlth   +.........               (no amulet)
HPRegen 0.11/turn                (no ring)
MPRegen 0.00/turn                (no ring)

@: flying
A: sickness immunity, fire resistance 2, cold vulnerability 1, float, innate
caster, HP casting, extra vitality 1
a: Renounce Religion, Evoke Invisibility, Fiery Armour, Foxfire Swarm, Rising
Flame


You were on level 3 of the Dungeon.
You worshipped Ignis.
Ignis was extremely pleased with you.
You visited 1 branch of the dungeon, and saw 3 of its levels.

You collected 131 gold pieces.

Inventory:

Hand Weapons
 a - a -1 falchion of flaming (weapon)
Armour
 b - a +0 robe (worn)
 c - a scarf of invisibility (worn)
 g - a +0 helmet (worn)
Scrolls
 f - a scroll of magic mapping
 h - a scroll of enchant armour {unknown}
 i - a scroll of enchant weapon {unknown}
 k - 2 scrolls of identify {unknown}
 l - a scroll of fog {unknown}
Potions
 e - 2 potions of curing {unknown}
 j - a potion of resistance {unknown}


   Skills:
 - Level 3.0 Fighting
 - Level 2.6 Long Blades
 * Level 3.7 Spellcasting


You had 7 spell levels left.
You knew the following spells:

 Your Spells              Type           Power      Damage    Failure   Level
a - Scorch                Fire           32%        2d6       4%          2
b - Magic Dart            Conj           64%        1d6       3%          1
Your spell library was empty.

Dungeon Overview and Level Annotations

Branches:
Dungeon (3/15)

Altars:

Shops:
D:2 [

Annotations:
D:1 1 transporter


Innate Abilities, Weirdness & Mutations

You are immune to sickness and miasma.
You are immune to poison.
Your flesh is very heat resistant. (rF++)
You are vulnerable to cold. (rC-)
You float through the air rather than walking.
You learn spells naturally, not from books.
Your magical power is your life essence.
You have superior vitality. (+4 MHP)


Message History

You now have 131 gold pieces (gained 11).
An orc comes into view. It is wielding a +0 short sword.
An orc is nearby!
An orc is nearby!
Found 10 gold pieces.
You can't see any susceptible monsters within range! (Use Z to cast anyway.) 2 orcs come into view.
The orc shouts!
You hear a shout!
An orc priest comes into view. It is wielding a +0 flail.
Flames lash the orc.
The orc is lightly wounded.
The orc's fire resistance burns away.
Flames lash the orc but do no damage.
The orc hits you with a +0 short sword.
Flames lash the orc.
The orc is burned terribly!
The orc is heavily wounded.
The orc hits you with a +0 short sword.
Flames lash the orc.
You kill the orc!
The orc barely misses you.
Flames lash the orc.
The orc is almost dead.
The orc's fire resistance burns away.
The orc closely misses you. The orc attacks as you move away!
The orc hits you but does no damage.
Flames lash the orc.
The orc is burned terribly!
You kill the orc!
The orc is no longer more vulnerable to fire.
The orc hits you with a +0 short sword.
The orc priest mumbles some strange prayers to Beogh against you.
Beogh smites you!
* * * LOW HITPOINT WARNING * * *
You are too injured to fight recklessly!
Okay, then.
As you read the scroll labelled OGETAU EKHLOA, it crumbles to dust.
It is a scroll of amnesia.
You feel forgetful for a moment.
As you read the scroll labelled OTOBBO WAQIC, it crumbles to dust.
You feel aware of your surroundings.
You sensed 2 altars.
It was a scroll of magic mapping.
The orc hits you but does no damage.
The orc priest hits you with a +0 flail.
You die...

* *,##....#.#..#..#^..+........#
*,#.......#....+#..##........# *
*#....#.#..#.......##.........#
**#....##.#.....................#
,......*#.#.....................#
,...........####................#
,..########## #............#####
,..****** ##.......###'##
,,,**,,,* #o@......# #<#
*+*****,* *#)o......# ###*****
,,***,,,*****#.........# *,,,**
,,,****,,,,............# ***+*,*,
,,,** *,,.....)....##### *,,,,,*,
**,,***,,#.........# *,,,,,+,
*,,,,,,,,#.........# *,,,,,*,
*,,,,,,,,#.$.......# *,,,,,*,
*,,,,,,,,#.....##### ***,****


You could see an orc priest and an orc.

Vanquished Creatures
  2 adders (D:2)
  A dart slug (D:1)
  2 orcs (D:3)
  3 ball pythons
  2 bats
  4 endoplasms
  4 giant cockroaches
  3 hobgoblins
  2 quokkas
  3 frilled lizards
  3 goblins (D:1)
  3 kobolds
  6 rats
38 creatures vanquished.

Notes
Turn   | Place    | Note
-------+----------+-------------------------------------------
     0 | D:1      | Setbun the Djinni Cinder Acolyte began the quest for the
                  | Orb.
     0 | D:1      | Setbun set off with the following spells memorised: Scorch.
     0 | D:1      | Reached XP level 1. HP: 20/20 MP: 0/0
   326 | D:1      | Reached XP level 2. HP: 18/25 MP: 0/0
   884 | D:1      | Reached XP level 3. HP: 26/30 MP: 0/0
   884 | D:1      | Learned a level 1 spell: Magic Dart
  1450 | D:2      | Reached XP level 4. HP: 26/35 MP: 0/0
  2172 | D:2      | Found Rejoi's Armour Shop.
  2320 | D:3      | Slain by an orc priest

Illustrated notes

Levels and vault maps discovered:
D:1:      spicycebolla_arrival_risky_transporter, layout_loops_corners
D:2:      layout_loops_ring, serial_shops, nicolae_lakefront_shop
D:3:      layout_basic, gammafunk_temple_overflow_pools, st_stairs_2,
          minmay_liquid_box, minmay_misc_feat_columns

Skill      XL: |  1  2 |
---------------+-------+-----
Spellcasting   | 3 |  3.7
Fighting       | |  3.0
Long Blades    | |  2.6

Action                   |  1- 3 |  4- 6 || total
-------------------------+-------+-------++-------
Melee: Falchion          |    16 |       ||    16
 Cast: Scorch            |    28 |    14 ||    42
  Use: Scroll            |       |     2 ||     2
Armor: Robe              |     2 |     2 ||     4
Dodge: Dodged            |    14 |     3 ||    17

Table legend: (Time is in decaauts)
 A = Elapsed time spent in this place.
 B = Non-inter-level travel time spent in this place.
 C = Inter-level travel time spent in this place.
 D = Time resting spent in this place.
 E = Time spent auto-exploring this place.
 F = Levels seen in this place.
 G = Mean time per level.
                   A        B        C        D        E       F      G
               +--------+--------+--------+--------+--------+-----+--------+
         Total |   2322 |   2252 |     70 |      0 |   2040 |   3 |  774.0 |
       Dungeon |   2322 |   2252 |     70 |      0 |   2040 |   3 |  774.0 |
               +--------+--------+--------+--------+--------+-----+--------+

Top non-repeatable levels by time:
     D:1: 1339 daAuts
     D:2: 888 daAuts
     D:3: 93 daAuts
